[Event "January 2 Early 2024"]
[Site "https://www.chess.com"]
[Date "2024.01.02"]
[Round "7"]
[White "Bodnar, Nikolay"]
[Black "Mgeladze, Tamaz"]
[Result "0-1"]
[Board "70"]
[TimeControl "180+1"]
[WhiteFideId "14106469"]
[BlackFideId "13601202"]
[WhiteElo "2534"]
[BlackElo "2703"]
[WhiteTeam "UKR"]
[BlackTeam "GEO"]
[WhiteClock "0:01:29"]
[BlackClock "0:02:08"]

1. e4 c5 2. Nf3 g6 3. c4 d6 4. d4 Bg4 5. d5 Bxf3 6. Qxf3 Bg7 7. Nc3 Nd7 8. Qd1 Bxc3+ 9. bxc3 h6 10. Be2 Ngf6 11. Qc2 Kf8 12. O-O Kg7 13. h3 Qa5 14. f4 Rhe8 15. Bd3 e5 16. dxe6 Rxe6 17. Bd2 Rae8 18. Rae1 Qc7 19. g3 Qc6 20. e5 dxe5 21. f5 e4 22. fxe6 exd3 23. Qxd3 Rxe6 24. Rxe6 Qxe6 25. Kh2 Ne5 26. Qe3 Neg4+ 0-1

[Event "January 2 Early 2024"]
[Site "https://www.chess.com"]
[Date "2024.01.02"]
[Round "7"]
[White "Vallejo Diaz, Javier"]
[Black "Mindlin, Alon"]
[Result "1-0"]
[Board "71"]
[TimeControl "180+1"]
[WhiteFideId "2256398"]
[BlackFideId "2800071"]
[WhiteElo "2527"]
[BlackElo "2694"]
[WhiteTeam "ESP"]
[BlackTeam "ISR"]
[WhiteClock "0:00:11"]
[BlackClock "0:00:30"]

1. e4 g6 2. Nc3 Bg7 3. f4 d6 4. Nf3 c5 5. Bc4 a6 6. a4 Nc6 7. d3 e6 8. O-O Nge7 9. h3 O-O 10. Ba2 d5 11. Qe2 Nd4 12. Qf2 b5 13. Ne5 b4 14. Nd1 Bb7 15. c3 b3 16. cxd4 bxa2 17. dxc5 dxe4 18. d4 Nf5 19. Be3 Bd5 20. Nc3 Rb8 21. Nxa2 h5 22. Nc3 h4 23. Rab1 Rb3 24. Rfe1 Qa5 25. Rbd1 Rfb8 26. Rd2 Ng3 27. Nd7 R8b4 28. Nb6 Bf6 29. Nbxd5 exd5 30. Nxd5 Rxb2 31. Nxf6+ Kg7 32. Nd5 R4b3 33. f5 Rxe3 34. f6+ Kh7 35. Nxe3 Rxd2 36. Qf4 Nh5 37. Qxh4 Kg8 38. g4 Qc7 39. Ng2 Nf4 40. Qh6 Rxg2+ 41. Kh1 Nh5 42. Kxg2 Qg3+ 43. Kf1 Qf3+ 44. Kg1 Nxf6 45. Qe3 1-0

[Event "January 2 Early 2024"]
[Site "https://www.chess.com"]
[Date "2024.01.02"]
[Round "7"]
[White "Cruz Ravina, Francisco Javier"]
[Black "Manolache, Marius"]
[Result "0-1"]
[Board "72"]
[TimeControl "180+1"]
[WhiteFideId "2228939"]
[BlackFideId "1201530"]
[WhiteElo "2526"]
[BlackElo "2684"]
[WhiteTeam "ESP"]
[BlackTeam "ROU"]
[WhiteClock "0:00:00"]
[BlackClock "0:00:21"]

1. e4 c5 2. Nf3 e6 3. b3 b6 4. Bb2 Bb7 5. Qe2 a6 6. g3 d6 7. Bg2 Nf6 8. d3 Nbd7 9. O-O Qc7 10. c4 Be7 11. Nc3 O-O 12. d4 cxd4 13. Nxd4 Rfe8 14. Rfe1 Nc5 15. Rad1 Rac8 16. e5 dxe5 17. Qxe5 Qxe5 18. Rxe5 Bxg2 19. Kxg2 Red8 20. Ree1 h5 21. h3 g6 22. Kf3 Bf8 23. Ke2 Bg7 24. Nf3 Nfe4 25. Nxe4 Bxb2 26. Nxc5 bxc5 27. Rxd8+ Rxd8 28. Rd1 Rxd1 29. Kxd1 e5 30. Kc2 Ba1 31. Kd3 f5 32. Ng5 Bd4 33. f3 Bf2 34. g4 Kg7 35. Ke2 Bg1 36. Ne6+ Kf6 37. Nc7 a5 38. gxh5 gxh5 39. Nd5+ Kg5 40. f4+ exf4 41. Kf3 Be3 42. a3 Kh4 43. b4 cxb4 44. axb4 axb4 45. Nxb4 Kxh3 46. Nd5 h4 47. Ne7 Kh2 48. Nxf5 h3 49. Nxe3 fxe3 50. c5 Kg1 51. c6 h2 0-1

[Event "January 2 Early 2024"]
[Site "https://www.chess.com"]
[Date "2024.01.02"]
[Round "7"]
[White "Spitzl, Vinzent"]
[Black "Kuzhylnyi, Oleksandr"]
[Result "0-1"]
[Board "73"]
[TimeControl "180+1"]
[WhiteFideId "12901253"]
[BlackFideId "34110500"]
[WhiteElo "2499"]
[BlackElo "2665"]
[WhiteTeam "GER"]
[BlackTeam "UKR"]
[WhiteClock "0:00:02"]
[BlackClock "0:00:15"]

1. e4 g6 2. d4 Bg7 3. Nc3 d6 4. Be3 a6 5. a4 Nc6 6. h3 Nf6 7. Nge2 e5 8. g4 O-O 9. Bg2 exd4 10. Nxd4 Ne5 11. b3 Re8 12. O-O Nexg4 13. hxg4 Nxg4 14. Qd2 Nxe3 15. Qxe3 c6 16. Rad1 Bg4 17. f3 Bd7 18. Nde2 Qh4 19. f4 d5 20. e5 f6 21. Qb6 fxe5 22. Qxb7 Rad8 23. Nxd5 cxd5 24. Rxd5 Bc8 25. Qc7 Rxd5 26. Bxd5+ Kh8 27. Bg2 exf4 28. Qxf4 Qe7 29. Ng3 Be5 30. Qf3 Qh4 31. Ne4 Bh2+ 32. Kh1 Bg3+ 33. Kg1 Qh2# 0-1

[Event "January 2 Early 2024"]
[Site "https://www.chess.com"]
[Date "2024.01.02"]
[Round "7"]
[White "Mohammadi, Melika"]
[Black "Injac, Teodora"]
[Result "1-0"]
[Board "74"]
[TimeControl "180+1"]
[WhiteFideId "42529271"]
[BlackFideId "932400"]
[WhiteElo "2471"]
[BlackElo "2665"]
[WhiteTeam "IRI"]
[BlackTeam "SRB"]
[WhiteClock "0:00:21"]
[BlackClock "0:00:15"]

1. e4 e5 2. Nf3 Nc6 3. Bb5 a6 4. Ba4 d6 5. c3 Bd7 6. d4 g6 7. dxe5 Nxe5 8. Nxe5 dxe5 9. Bg5 f6 10. Be3 Bd6 11. Bb3 Bc6 12. Nd2 Qe7 13. Nc4 Bxe4 14. Nxd6+ cxd6 15. Bd5 Bxd5 16. Qxd5 f5 17. O-O-O Rd8 18. Bb6 Rd7 19. Qc4 Kf8 20. Rhe1 Nf6 21. Be3 Kg7 22. h4 Rc7 23. Qb4 Rc6 24. Bg5 h6 25. Bxf6+ Kxf6 26. f4 e4 27. Qd4+ Kf7 28. Qxh8 Qe6 29. Kb1 h5 30. Qd4 Ke7 31. Rd2 Rc5 32. Red1 Rc6 33. Qg7+ Kd8 34. Qxb7 1-0

[Event "January 2 Early 2024"]
[Site "https://www.chess.com"]
[Date "2024.01.02"]
[Round "7"]
[White "Carre, Sylvain"]
[Black "Piesik, Piotr"]
[Result "0-1"]
[Board "75"]
[TimeControl "180+1"]
[WhiteFideId "642118"]
[BlackFideId "1136194"]
[WhiteElo "2429"]
[BlackElo "2661"]
[WhiteTeam "FRA"]
[BlackTeam "CZE"]
[WhiteClock "0:00:01"]
[BlackClock "0:00:57"]

1. d4 c5 2. c3 Nf6 3. Nf3 d5 4. Bf4 Bf5 5. e3 Nbd7 6. Nbd2 e6 7. h3 h6 8. Qb3 Qb6 9. Bb5 a6 10. Be2 c4 11. Qxb6 Nxb6 12. Bd1 Be7 13. O-O O-O 14. Rc1 Bd3 15. Re1 Nbd7 16. Bc2 Bxc2 17. Rxc2 b5 18. a3 a5 19. e4 dxe4 20. Nxe4 Nxe4 21. Rxe4 Nf6 22. Re1 Nd5 23. Bg3 Rfc8 24. Ne5 Bd6 25. Kh2 b4 26. axb4 axb4 27. cxb4 Bxe5 28. dxe5 Nxb4 29. Rd2 Ra2 30. Rc1 Kh7 31. Bf4 Nd5 32. Be3 Nxe3 33. fxe3 c3 34. Rdc2 cxb2 35. Rxb2 Rxb2 36. Rxc8 Rb3 37. Rc5 Rxe3 38. g4 Kg6 39. h4 h5 40. g5 Kf5 41. Rc7 Kg6 42. Rc5 Rd3 43. Kg2 Rd5 44. Rc3 Rxe5 45. Kg3 Re4 46. Rf3 Rg4+ 47. Kh3 f6 48. gxf6 gxf6 49. Ra3 e5 50. Ra8 Rb4 51. Rg8+ Kh7 52. Rf8 Kg7 53. Ra8 Rb3+ 54. Kh2 Kg6 55. Rh8 e4 56. Rg8+ Kf5 57. Rh8 Kg4 58. Rf8 f5 59. Kg2 Rb2+ 60. Kf1 f4 61. Ra8 e3 62. Ra1 Kf3 63. Ke1 Rh2 0-1

[Event "January 2 Early 2024"]
[Site "https://www.chess.com"]
[Date "2024.01.02"]
[Round "7"]
[White "Lira, Suan Bruno Fernandes"]
[Black "Bartel, Michal"]
[Result "0-1"]
[Board "76"]
[TimeControl "180+1"]
[WhiteFideId "22794620"]
[BlackFideId "1119257"]
[WhiteElo "2368"]
[BlackElo "2648"]
[WhiteTeam "BRA"]
[BlackTeam "POL"]
[WhiteClock "0:00:04"]
[BlackClock "0:00:26"]

1. d4 Nf6 2. c4 c5 3. d5 e6 4. Nc3 exd5 5. cxd5 d6 6. Nf3 g6 7. Bf4 a6 8. a4 Nh5 9. Bg5 f6 10. Bh4 Bg7 11. e3 Qc7 12. Be2 f5 13. Nd2 Nf6 14. Bg3 O-O 15. Nc4 Ne8 16. O-O Nd7 17. a5 Ndf6 18. Bf3 g5 19. h3 Bd7 20. Na4 Bxa4 21. Rxa4 Rd8 22. b3 Qf7 23. Re1 h5 24. e4 h4 25. e5 hxg3 26. exf6 gxf2+ 27. Kxf2 Nxf6 28. Re6 g4 29. Nxd6 Rxd6 30. Rxd6 gxf3 31. gxf3 f4 32. Rxf4 Qc7 33. Rfxf6 Bxf6 34. Qg1+ Kf7 35. Qg3 Qe7 36. Re6 Qd8 37. Rd6 Bh4 0-1

[Event "January 2 Early 2024"]
[Site "https://www.chess.com"]
[Date "2024.01.02"]
[Round "7"]
[White "Kleibel, Uwe"]
[Black "Jia, Haoxiang"]
[Result "0-1"]
[Board "77"]
[TimeControl "180+1"]
[WhiteFideId "1270982"]
[BlackFideId "8602999"]
[WhiteElo "2367"]
[BlackElo "2646"]
[WhiteTeam "GER"]
[BlackTeam "CHN"]
[WhiteClock "0:00:08"]
[BlackClock "0:00:16"]

1. e4 c5 2. Nf3 d6 3. d4 cxd4 4. Qxd4 Nc6 5. Qe3 Nf6 6. Be2 g6 7. O-O Bg7 8. Rd1 O-O 9. h3 Qc7 10. c4 a6 11. Nc3 Ne5 12. Nxe5 dxe5 13. b3 Be6 14. Bb2 Rfd8 15. Rac1 Qa5 16. a3 Rxd1+ 17. Rxd1 Rd8 18. Nd5 Nxd5 19. cxd5 Bd7 20. b4 Qa4 21. Rc1 Rc8 22. Rxc8+ Bxc8 23. Qc1 Qd7 24. Bg4 f5 25. exf5 gxf5 26. Bf3 b5 27. Qg5 Qd6 28. Qc1 Bb7 29. Qc5 e4 30. Bxg7 Kxg7 31. Qc3+ Qf6 32. Qc7 Bxd5 33. Qg3+ Kf8 34. Qb8+ Kg7 35. Qg3+ Kf7 36. Bh5+ Ke6 37. Qg8+ Ke5 38. Qb8+ Kd4 39. Qa7+ Ke5 40. Qc7+ Qd6 41. Qc3+ Ke6 42. Qg7 Qe5 43. Qg8+ Kd7 44. Qxh7 f4 45. Bg4+ Kc7 46. Qh4 e3 47. fxe3 fxe3 48. Qe1 Qe4 49. Qe2 Qd4 50. Kh2 Qe5+ 51. Kg1 Qa1+ 52. Kh2 Qxa3 53. Qxe3 Qxe3 0-1

[Event "January 2 Early 2024"]
[Site "https://www.chess.com"]
[Date "2024.01.02"]
[Round "7"]
[White "Mirzoev, Azer"]
[Black "Filippova, Margarita"]
[Result "0-1"]
[Board "78"]
[TimeControl "180+1"]
[WhiteFideId "13400304"]
[BlackFideId "34199680"]
[WhiteElo "2630"]
[BlackElo "2334"]
[WhiteTeam "AZE"]
[BlackTeam "RUS"]
[WhiteClock "0:00:00"]
[BlackClock "0:00:20"]

1. c4 e6 2. Nc3 d5 3. e3 Nf6 4. Nf3 a6 5. b3 c5 6. cxd5 exd5 7. d4 Nc6 8. Bb2 h6 9. Be2 Be6 10. O-O Rc8 11. Rc1 cxd4 12. Nxd4 Nxd4 13. Qxd4 Bc5 14. Qa4+ Bd7 15. Qh4 O-O 16. Rfd1 Be7 17. Qg3 Be6 18. Bf3 Bd6 19. Qh4 Be5 20. Na4 Bxb2 21. Nxb2 Rxc1 22. Rxc1 Ne4 23. Qxd8 Rxd8 24. Nd3 Rc8 25. Rxc8+ Bxc8 26. Nf4 Be6 27. Nxe6 fxe6 28. Kf1 Kf7 29. Ke1 Nf6 30. Kd2 Ke7 31. Kc3 Kd6 32. b4 e5 33. a4 b6 34. a5 b5 35. Kd2 Ne4+ 36. Ke1 Nc3 37. Kd2 Na2 38. Bg4 Nxb4 39. Bc8 Kc5 40. f4 exf4 41. exf4 Nc6 42. Bxa6 Nxa5 43. g4 b4 44. h4 Kd4 45. g5 b3 46. gxh6 gxh6 47. f5 Ke5 48. Bd3 Nc6 49. Kc3 Nd4 50. f6 Ne6 51. f7 Kf6 52. Kxb3 Kxf7 53. Kc3 Kf6 54. Bf1 Ke5 55. Bh3 d4+ 56. Kc4 Nf4 57. Bf1 Ke4 0-1

[Event "January 2 Early 2024"]
[Site "https://www.chess.com"]
[Date "2024.01.02"]
[Round "7"]
[White "Szente Varga, Fruzsina"]
[Black "Zavgorodniy, Sergiy"]
[Result "0-1"]
[Board "79"]
[TimeControl "180+1"]
[WhiteFideId "712264"]
[BlackFideId "14110148"]
[WhiteElo "2304"]
[BlackElo "2627"]
[WhiteTeam "HUN"]
[BlackTeam "UKR"]
[WhiteClock "0:00:00"]
[BlackClock "0:00:54"]

1. e4 e5 2. Nf3 d6 3. Bc4 Be7 4. O-O Nf6 5. Re1 O-O 6. Nc3 c6 7. d4 exd4 8. Nxd4 b5 9. Bf1 a6 10. Bf4 c5 11. Nf3 Bb7 12. e5 dxe5 13. Nxe5 Nbd7 14. Ng4 Re8 15. Nxf6+ Nxf6 16. Qxd8 Raxd8 17. Rad1 Bf8 18. Bg5 Rxd1 19. Rxd1 Be7 20. Re1 Kf8 21. Nd1 h6 22. Bh4 g5 23. Bg3 Ne4 24. Ne3 Nxg3 25. hxg3 Bf6 26. c3 Rd8 27. Rd1 Rxd1 28. Nxd1 Bd5 29. b3 Be4 30. a4 Bc2 31. Ne3 Bxb3 32. axb5 axb5 33. c4 b4 34. Nd5 Bd4 35. Bd3 Ba2 36. Kf1 b3 0-1

[Event "January 2 Early 2024"]
[Site "https://www.chess.com"]
[Date "2024.01.02"]
[Round "7"]
[White "Rose, Felix"]
[Black "Grycel, Kamil"]
[Result "0-1"]
[Board "80"]
[TimeControl "180+1"]
[WhiteFideId "5105722"]
[BlackFideId "1115499"]
[WhiteElo "2222"]
[BlackElo "2621"]
[WhiteTeam "MEX"]
[BlackTeam "POL"]
[WhiteClock "0:00:04"]
[BlackClock "0:00:14"]

1. e4 d6 2. d4 Nf6 3. Nc3 c6 4. f4 Qb6 5. Nf3 Bg4 6. a3 Nbd7 7. Bd3 e5 8. dxe5 dxe5 9. Qe2 O-O-O 10. h3 Bxf3 11. gxf3 exf4 12. h4 Bd6 13. Bd2 Qxb2 14. Rb1 Qxa3 15. O-O Qc5+ 16. Kh2 Qh5 17. Be1 g5 18. Ba6 Nb6 19. Na4 Bc7 20. Nxb6+ Bxb6 21. Qc4 Kc7 22. e5 Nd5 23. e6 fxe6 24. Bxb7 Kxb7 25. Qe4 Rhe8 26. c4 Ne3 27. Rg1 Rd4 28. Qe5 Rxc4 29. Rxg5 Qxf3 30. Rg7+ Ka8 31. Qc7 Bxc7 32. Rxc7 Qg2# 0-1

[Event "January 2 Early 2024"]
[Site "https://www.chess.com"]
[Date "2024.01.02"]
[Round "7"]
[White "Popov, Konstantin"]
[Black "Skurikhin, Dmitrij"]
[Result "1-0"]
[Board "81"]
[TimeControl "180+1"]
[WhiteFideId "34137910"]
[BlackFideId "4161297"]
[WhiteElo "2908"]
[BlackElo "2283"]
[WhiteTeam "FID"]
[BlackTeam "RUS"]
[WhiteClock "0:01:21"]
[BlackClock "0:01:39"]

1. e4 c6 2. d4 d5 3. e5 c5 4. dxc5 Nc6 5. f4 Bf5 6. Be3 d4 7. Bf2 e6 8. a3 Bxc5 9. Nd2 Bb6 10. Bd3 Nge7 11. Ne4 O-O 12. Qf3 Nd5 13. Ne2 Ne3 14. Bxe3 dxe3 15. O-O-O Qe7 16. g4 Bg6 17. h4 f5 18. exf6 gxf6 19. h5 Bxe4 20. Qxe4 f5 21. gxf5 exf5 22. Qf3 Kh8 23. h6 Rf6 24. Rdg1 Qd6 25. Qg3 Qf8 26. Qg7+ Qxg7 27. hxg7+ Kg8 28. Bc4+ Rf7 29. Bxf7+ Kxf7 30. g8=Q+ Rxg8 31. Rxh7+ Kf8 32. Rxg8+ Kxg8 33. Rxb7 Kf8 34. c3 Nd8 35. Rh7 Ne6 36. Kc2 Nc5 37. b4 Ne4 38. a4 1-0

[Event "January 2 Early 2024"]
[Site "https://www.chess.com"]
[Date "2024.01.02"]
[Round "7"]
[White "Stojanovski, Sandi"]
[Black "ilqar_74"]
[Result "0-1"]
[Board "82"]
[TimeControl "180+1"]
[WhiteFideId "1403249"]
[WhiteElo "2503"]
[BlackElo "2773"]
[WhiteTeam "DEN"]
[WhiteClock "0:00:02"]
[BlackClock "0:01:20"]

1. d3 d5 2. Nf3 c5 3. g3 Nc6 4. Bg2 Nf6 5. O-O e5 6. c4 Be7 7. Bg5 O-O 8. Bxf6 Bxf6 9. cxd5 Qxd5 10. Nc3 Qd8 11. Rc1 Be7 12. Na4 Qa5 13. Nd2 Be6 14. Bxc6 bxc6 15. b3 Rab8 16. Ne4 Rb5 17. Qc2 c4 18. dxc4 Rbb8 19. Rfd1 Bf5 20. Nf6+ Bxf6 21. Qxf5 Rbd8 22. Rd3 Rxd3 23. Qxd3 Rd8 24. Qc3 Qxc3 25. Nxc3 Rd2 26. e3 Be7 27. a4 Kf8 28. Rd1 Rb2 29. Rb1 Rc2 30. Nd1 Bb4 31. Kf1 e4 32. Rb2 Rc1 33. Ke2 f5 34. h4 g6 35. Ra2 Ke7 36. Rb2 a5 37. Ra2 Kd6 38. Rb2 Ke5 39. Ra2 h6 40. Rb2 Kd6 41. Ra2 Kc5 42. Rb2 Ba3 43. Rd2 Kb4 44. Rd6 Kxb3 45. Rxc6 Rc2+ 46. Kf1 Rxc4 47. Rxg6 Kxa4 48. Rxh6 Kb3 49. Re6 a4 50. h5 Bb4 51. h6 a3 52. h7 Rc8 53. Ra6 Rh8 54. g4 fxg4 55. f3 gxf3 56. Ra7 a2 57. Nf2 Bc3 58. Nxe4 a1=Q+ 59. Rxa1 Bxa1 60. Ng5 Bf6 61. Nxf3 Rxh7 62. Ke2 Kc4 63. Nd2+ Kd5 64. Nf1 Be5 65. Kd3 Rh3 66. Nd2 Bf4 67. Nc4 Bg5 68. Kc3 0-1

[Event "January 2 Early 2024"]
[Site "https://www.chess.com"]
[Date "2024.01.02"]
[Round "7"]
[White "Lebedev, Artem S."]
[Black "Dragun, Kamil"]
[Result "1/2-1/2"]
[Board "83"]
[TimeControl "180+1"]
[WhiteFideId "34272747"]
[BlackFideId "1134167"]
[WhiteElo "2500"]
[BlackElo "2769"]
[WhiteTeam "RUS"]
[BlackTeam "POL"]
[WhiteClock "0:01:31"]
[BlackClock "0:02:19"]

1. e4 c6 2. d4 d5 3. e5 Bf5 4. h4 h5 5. Bd3 Bxd3 6. Qxd3 Qa5+ 7. Nd2 e6 8. Nf3 Nh6 9. O-O Nf5 10. Nb3 Qb5 11. Qd1 c5 12. a4 Qc6 13. dxc5 Bxc5 14. Nxc5 Qxc5 15. b4 Qc4 16. b5 O-O 17. Ba3 Rc8 18. Rb1 Nxh4 19. Nd4 Nd7 20. Rb4 Qc3 21. Rb3 Qc4 22. Rb4 Qc3 23. Rb3 Qc4 24. Rb4 1/2-1/2

[Event "January 2 Early 2024"]
[Site "https://www.chess.com"]
[Date "2024.01.02"]
[Round "7"]
[White "Balla, Tamas-Kristof"]
[Black "Korchmar, Vasiliy"]
[Result "0-1"]
[Board "84"]
[TimeControl "180+1"]
[WhiteFideId "1208497"]
[BlackFideId "24131750"]
[WhiteElo "2500"]
[BlackElo "2749"]
[WhiteTeam "ROU"]
[BlackTeam "RUS"]
[WhiteClock "0:01:13"]
[BlackClock "0:02:02"]

1. e4 c5 2. c3 d5 3. exd5 Nf6 4. d4 Nxd5 5. Nf3 cxd4 6. cxd4 g6 7. Nc3 Nxc3 8. bxc3 Bg7 9. Bc4 Qc7 10. Qe2 Bg4 11. Bxf7+ Kxf7 12. Ng5+ Kg8 13. Qxg4 Qxc3+ 14. Kf1 Qc4+ 15. Kg1 h6 16. Ne6 Kh7 17. Nxg7 Kxg7 18. Bb2 Kh7 19. Re1 Nc6 20. d5 Qxg4 21. dxc6 Rhe8 22. cxb7 Rab8 23. h3 Qb4 0-1

[Event "January 2 Early 2024"]
[Site "https://www.chess.com"]
[Date "2024.01.02"]
[Round "7"]
[White "Liyanage, Ranindu Dilshan"]
[Black "Ladan, Nicholas"]
[Result "1/2-1/2"]
[Board "85"]
[TimeControl "180+1"]
[WhiteFideId "9915834"]
[BlackFideId "30918855"]
[WhiteElo "2712"]
[BlackElo "2498"]
[WhiteTeam "SRI"]
[BlackTeam "USA"]
[WhiteClock "0:00:16"]
[BlackClock "0:00:05"]

1. c4 e5 2. Nc3 Nc6 3. Nf3 Bc5 4. e3 d6 5. d4 exd4 6. exd4 Bb6 7. h3 Nf6 8. Be3 O-O 9. Bd3 d5 10. c5 Ba5 11. O-O Bxc3 12. bxc3 Ne4 13. Qc2 f5 14. Rfe1 Qf6 15. Bf4 Rf7 16. Ne5 Nxe5 17. Bxe5 Qg6 18. Rab1 f4 19. Bxe4 dxe4 20. Qxe4 Qxe4 21. Rxe4 Bf5 22. Ree1 Bxb1 23. Rxb1 c6 24. f3 g5 25. Kf2 Re8 26. Ke2 Rd7 27. Re1 Kf7 28. Kd3 Kg6 29. Ke4 b6 30. cxb6 axb6 31. Rb1 b5 32. a3 Ra8 33. Rb3 Ra4 34. h4 h6 35. hxg5 hxg5 36. g4 Rda7 37. Bd6 Kf6 38. Rb1 Ke6 39. Bc5 Rh7 40. Bb4 Rh2 41. Re1 Ra7 42. Kd3+ Kf6 43. Re8 Rf2 44. Rf8+ Rf7 45. Rc8 Rxf3+ 46. Ke2 Re3+ 47. Kf2 Rh7 48. Rxc6+ Kg7 49. Rc7+ Kg6 50. Rc6+ Kg7 51. Rc7+ Kg8 52. Rc8+ Kf7 53. Rc7+ Kg6 54. Rc6+ Kg7 1/2-1/2

[Event "January 2 Early 2024"]
[Site "https://www.chess.com"]
[Date "2024.01.02"]
[Round "7"]
[White "Lopusiewicz, Piotr"]
[Black "Tasev, Dejan"]
[Result "0-1"]
[Board "86"]
[TimeControl "180+1"]
[WhiteFideId "1116029"]
[BlackFideId "936618"]
[WhiteElo "2495"]
[BlackElo "2705"]
[WhiteTeam "POL"]
[BlackTeam "SRB"]
[WhiteClock "0:00:22"]
[BlackClock "0:00:25"]

1. d4 Nf6 2. c4 g6 3. Nc3 Bg7 4. e4 d6 5. Nf3 O-O 6. Be2 e5 7. O-O Nc6 8. d5 Ne7 9. b4 Ne8 10. c5 h6 11. a4 f5 12. Ba3 f4 13. b5 b6 14. cxd6 cxd6 15. Na2 g5 16. Nd2 Ng6 17. Nb4 Rf7 18. Nc6 Qf6 19. Bb4 Bf8 20. a5 bxa5 21. Rxa5 Rg7 22. b6 Nh4 23. Rxa7 Raxa7 24. bxa7 Bb7 25. Qa4 g4 26. g3 Ba8 27. Ba5 Nc7 28. Bxc7 Rxc7 29. Rb1 Nf3+ 30. Nxf3 gxf3 31. Bf1 fxg3 32. hxg3 Qg7 33. Ra1 h5 34. Qa3 Qg4 35. Kh2 h4 36. Bh3 hxg3+ 37. fxg3 Rh7 38. Kg1 Qxg3+ 39. Kf1 Qxh3+ 40. Ke1 Qg2 0-1

[Event "January 2 Early 2024"]
[Site "https://www.chess.com"]
[Date "2024.01.02"]
[Round "7"]
[White "Shishkov, Andrei"]
[Black "Gritsenko, Nikolai"]
[Result "0-1"]
[Board "87"]
[TimeControl "180+1"]
[WhiteFideId "4500563"]
[BlackFideId "14112493"]
[WhiteElo "2493"]
[BlackElo "2672"]
[WhiteTeam "EST"]
[BlackTeam "UKR"]
[WhiteClock "0:00:00"]
[BlackClock "0:00:05"]

1. d4 f6 2. e4 c6 3. c4 Na6 4. Nc3 g6 5. h4 Nh6 6. h5 g5 7. f4 gxf4 8. Bxf4 d6 9. Qd2 Nf7 10. Nf3 e5 11. Be3 Qa5 12. Be2 Rg8 13. Nh4 Bd7 14. O-O-O O-O-O 15. Rhf1 Be7 16. Kb1 Ng5 17. Nf5 Bxf5 18. Rxf5 Ne6 19. d5 Ng7 20. Rf2 Qc7 21. a3 Kb8 22. Ka2 Ne8 23. Bf3 Nc5 24. b4 Nd7 25. Qb2 Ka8 26. Rfd2 Rb8 27. b5 c5 28. Na4 Qa5 29. Qb3 Qc7 30. Rb2 Nb6 31. Nxb6+ Qxb6 32. Bd2 Qc7 33. a4 f5 34. a5 Qd7 35. Qa3 Nf6 36. exf5 e4 37. Be2 Rxg2 38. Bf1 Rf2 39. Bc3 Rxb2+ 40. Qxb2 Qxf5 41. Be2 Nxh5 42. Rf1 Qg6 43. Bxh5 Qxh5 44. a6 bxa6 45. Re1 axb5 46. Rxe4 bxc4 47. Qa3 Qh2+ 0-1

[Event "January 2 Early 2024"]
[Site "https://www.chess.com"]
[Date "2024.01.02"]
[Round "7"]
[White "Koshulyan, Egor A."]
[Black "Hasanagic, Anel"]
[Result "1-0"]
[Board "88"]
[TimeControl "180+1"]
[WhiteFideId "24237000"]
[BlackFideId "14605791"]
[WhiteElo "2660"]
[BlackElo "2495"]
[WhiteTeam "RUS"]
[BlackTeam "SLO"]
[WhiteClock "0:01:51"]
[BlackClock "0:00:20"]

1. f4 f5 2. Nf3 Nf6 3. g3 g6 4. Bg2 Bg7 5. O-O O-O 6. d3 d6 7. Nc3 Nc6 8. e4 fxe4 9. dxe4 e5 10. fxe5 Nxe5 11. Nxe5 dxe5 12. Bg5 Qxd1 13. Raxd1 c6 14. h3 Be6 15. Rd6 Rae8 16. Na4 Nd7 17. Rfd1 Rf7 18. Bf1 Nf8 19. Nc5 Bc8 20. Rd8 Rxd8 21. Rxd8 Rc7 22. Bc4+ Kh8 23. Re8 h6 24. Bd8 Rd7 25. Nxd7 Bxd7 26. Re7 Bf6 27. Rf7 Bg7 28. Bf6 Bxf6 29. Rxf8+ Kg7 30. Rf7+ 1-0

[Event "January 2 Early 2024"]
[Site "https://www.chess.com"]
[Date "2024.01.02"]
[Round "7"]
[White "Gryshko, Vitalii"]
[Black "Spata, German"]
[Result "1-0"]
[Board "89"]
[TimeControl "180+1"]
[WhiteFideId "14174286"]
[BlackFideId "113026"]
[WhiteElo "2487"]
[BlackElo "2652"]
[WhiteTeam "UKR"]
[BlackTeam "ARG"]
[WhiteClock "0:00:32"]
[BlackClock "0:00:00"]

1. c4 g6 2. h4 h5 3. Nc3 Bg7 4. d4 d6 5. Nf3 c6 6. e4 Bg4 7. Be3 Nd7 8. Qd2 Bxf3 9. gxf3 Qa5 10. f4 Ngf6 11. e5 Ng4 12. f3 Nxe3 13. Qxe3 O-O-O 14. O-O-O Bh6 15. Kb1 dxe5 16. dxe5 Nc5 17. Bh3+ Kb8 18. e6 fxe6 19. Qe5+ Ka8 20. Ne4 b6 21. Qc7 Rc8 22. Qxe7 Nxe4 23. fxe4 Bxf4 24. Bxe6 Rc7 25. Rd8+ Rxd8 26. Qxd8+ Kb7 27. Rd1 Be5 28. Rd7 Qe1+ 29. Kc2 Qe2+ 30. Rd2 Qxe4+ 31. Kb3 Bxb2 32. Bc8+ Rxc8 33. Rd7+ Kb8 34. Qg5 Be5 35. Qe7 Bc7 36. Qxe4 1-0

[Event "January 2 Early 2024"]
[Site "https://www.chess.com"]
[Date "2024.01.02"]
[Round "7"]
[White "Postnikov, Daniil"]
[Black "Jakubowski, Krzysztof"]
[Result "1-0"]
[Board "90"]
[TimeControl "180+1"]
[WhiteFideId "4166329"]
[BlackFideId "1112848"]
[WhiteElo "2486"]
[BlackElo "2646"]
[WhiteTeam "RUS"]
[BlackTeam "POL"]
[WhiteClock "0:00:58"]
[BlackClock "0:00:00"]

1. e4 c5 2. Nf3 d6 3. d4 cxd4 4. Qxd4 Nf6 5. Nc3 Bd7 6. Bg5 Nc6 7. Qd2 e6 8. O-O-O a6 9. Kb1 Be7 10. h3 O-O 11. e5 Ne8 12. exd6 Bxg5 13. Nxg5 Rc8 14. Bd3 g6 15. h4 h6 16. Nge4 Kg7 17. f4 Nb4 18. h5 f5 19. Nf2 g5 20. g4 Nxd6 21. Rdg1 Bc6 22. Rh3 fxg4 23. Nxg4 Rxf4 24. Ne2 Nxd3 25. Rxd3 Nc4 26. Qc3+ 1-0

[Event "January 2 Early 2024"]
[Site "https://www.chess.com"]
[Date "2024.01.02"]
[Round "7"]
[White "CamillaEffect"]
[Black "Beydullayeva, Govhar"]
[Result "1-0"]
[Board "91"]
[TimeControl "180+1"]
[BlackFideId "13413015"]
[WhiteElo "2640"]
[BlackElo "2481"]
[BlackTeam "AZE"]
[WhiteClock "0:00:04"]
[BlackClock "0:00:00"]

1. e4 c5 2. Nf3 d6 3. d4 cxd4 4. Nxd4 Nf6 5. Nc3 a6 6. Bc4 e6 7. O-O b5 8. Bb3 Be7 9. f4 Qc7 10. f5 e5 11. Nde2 Bb7 12. Ng3 h5 13. Bg5 Nbd7 14. Bxf6 Nxf6 15. Nd5 Qc5+ 16. Kh1 h4 17. Nxf6+ Bxf6 18. Nh5 Bxe4 19. Qg4 d5 20. a4 b4 21. a5 Ke7 22. h3 Qe3 23. Rae1 Qg5 24. Nxf6 gxf6 25. Rxe4 dxe4 26. Qxe4 Rab8 27. Qd5 Qg7 28. Qc5+ Ke8 29. Ba4+ Rb5 30. Qc8+ Ke7 31. Qc7+ Ke8 32. Rd1 1-0

[Event "January 2 Early 2024"]
[Site "https://www.chess.com"]
[Date "2024.01.02"]
[Round "7"]
[White "Srebrnic, Marko"]
[Black "Poltorak, Sebastian"]
[Result "0-1"]
[Board "92"]
[TimeControl "180+1"]
[WhiteFideId "14603616"]
[BlackFideId "1199498"]
[WhiteElo "2480"]
[BlackElo "2624"]
[WhiteTeam "SLO"]
[BlackTeam "POL"]
[WhiteClock "0:00:10"]
[BlackClock "0:00:14"]

1. e4 e5 2. Nc3 Nf6 3. Bc4 Bc5 4. d3 c6 5. Bg5 h6 6. Bxf6 Qxf6 7. Qf3 Qxf3 8. Nxf3 d6 9. O-O-O Bg4 10. Rdf1 Bxf3 11. gxf3 Nd7 12. Ne2 g5 13. c3 Ke7 14. d4 Bb6 15. Ng3 Bc7 16. Nf5+ Kf6 17. h4 Rag8 18. hxg5+ hxg5 19. Nh6 Rf8 20. Rfg1 Kg6 21. Nf5 Nb6 22. Bd3 Kf6 23. Kd2 d5 24. Ke3 exd4+ 25. cxd4 Bf4+ 26. Ke2 Ke6 27. b3 Nc8 28. e5 Ne7 29. Ng7+ Kd7 30. Bf5+ Kc7 31. Bg4 Ng6 32. Kd3 Kb6 33. Nf5 c5 34. Ne3 Rd8 35. Bf5 Ne7 36. Bh7 cxd4 37. Nf5 Nc6 38. Nxd4 Nxe5+ 39. Kc2 Rc8+ 40. Kb1 f6 41. Bf5 Rce8 42. a3 a5 43. Kb2 Nc6 44. Ne6 d4 45. Rd1 Be5 46. Ka2 Ne7 47. Bd3 Nd5 48. Ng7 Nc3+ 49. Kb2 Nxd1+ 50. Rxd1 Reg8 51. Nf5 Rh2 52. Be4 Rxf2+ 53. Kb1 Rc8 54. Ne7 Rc3 55. Nd5+ Kc5 56. Nxc3 dxc3 57. Bc2 Rd2 58. b4+ axb4 59. axb4+ Kxb4 60. Rh1 Rf2 61. Re1 b5 62. Re4+ Kc5 63. Ka2 Rxf3 64. Kb3 Rf4 65. Re2 Rb4+ 66. Ka3 Rb2 67. Rxe5+ fxe5 68. Bd3 b4+ 69. Ka4 Rd2 70. Kb3 Rxd3 71. Ka4 Rd2 72. Kb3 Rb2+ 73. Ka4 e4 0-1